AoeStats
← VIT Liereyy

Arabian Desert

510320138Analyzed
1v1 RM · 1d ago on Sep 30, 2026· 44m 45s· 2 players
Game mode
Random Map
Map size
Tiny (2 player)
Population
200
Speed
Normal
Resources
Standard
Victory
Conquest
Starting age
Dark Age
Ending age
Imperial Age
RankedLock teamsTeams togetherTeam positionsShared explorationLock speedFull tech treeHidden civsTurbo modeCheats
Victory
Defeat
🇷🇺 Tatars · Russia
2518
+29
🇦🇹 Persians · Austria
2942
-29
VIT Liereyy
7:02 Loom
9:35 Feudal Age
9:41 Man-at-Arms
10:06 Double-Bit Axe
12:54 Fletching
13:58 Arson
20:51 Castle Age
18:56 Horse Collar
20:12 Scale Barding Armor
20:34 Bloodlines
22:20 Bow Saw
23:00 Elite Skirmisher
24:20 Town Watch
25:08 Ballistics
24:46 Bodkin Arrow
25:49 Padded Archer Armor
27:03 Leather Archer Armor
28:00 Husbandry
31:35 Chain Barding Armor
32:52 Forging
40:10 Wheelbarrow
repard
5:54 Loom
6:00 Loom
8:18 Feudal Age
8:54 Double-Bit Axe
13:45 Fletching
13:57 Padded Archer Armor
22:38 Castle Age
20:57 Horse Collar
22:32 Bloodlines
23:19 Bodkin Arrow
24:41 Gold Mining
25:31 Bow Saw
25:54 Scale Barding Armor
30:21 Wheelbarrow
29:32 Town Watch
31:37 Padded Archer Armor
32:29 Husbandry
35:35 Ballistics
35:37 Chain Barding Armor
Connection lost

Rejoining the realm…

Still unreachable

The connection could not be restored.

Session expired

The server has moved on; the page needs a fresh start.